 Dungeon Crawl Stone Soup version 0.19.1-1-g22dce08 (webtiles) character file.

206730 esteth the Slayer (level 18, 0/182 HPs)
             Began as a Minotaur Fighter on Jan 5, 2017.
             Was a High Priest of Ashenzari.
             Killed from afar by Nikola (20 damage)
             ... with a chain lightning
             ... on level 3 of the Swamp on Jan 6, 2017.
             The game lasted 02:33:58 (36798 turns).

esteth the Slayer (Minotaur Fighter)               Turns: 36798, Time: 02:33:59

Health: 0/182      AC: 26    Str: 29    XL:     18   Next: 7%
Magic:  24/27      EV: 15    Int:  5    God:    Ashenzari [*****.]
Gold:   1909       SH:  4    Dex: 13    Spells: 0 memorised, 17 levels left

rFire  . . .     SeeInvis +     W - +8 battleaxe of Collusion {freeze, rN+ Dex+3 Stlth+} (curse)
rCold  . . .     Gourm    .     r - +1 shadow dragon scales
rNeg   + . .     Faith    .     (shield currently unavailable)
rPois  .         Spirit   .     (helmet restricted)
rElec  .         Reflect  +     F - +0 cloak (curse)
rCorr  .         Harm     .     y - +1 pair of gloves (curse)
MR     ++...     Clarity  +     b - +2 pair of boots (curse)
Stlth  +++.......               J - +4 amulet of reflection (curse)
                                G - ring of protection from magic (curse)
                                Q - ring of flight

@: scrying
A: retaliatory headbutt, horns 2
a: Curse Item, Scrying, Transfer Knowledge, Renounce Religion, Evoke Flight
}: 1/15 runes: gossamer


You were on level 3 of the Swamp.
You worshipped Ashenzari.
Ashenzari was extremely pleased with you.
You were not hungry.

You visited 7 branches of the dungeon, and saw 30 of its levels.
You also visited: Ossuary and Bailey.

You collected 2690 gold pieces.
You spent 781 gold pieces at shops.

Inventory:

Hand Weapons
 T - a +2 executioner's axe of holy wrath
 W - the cursed +8 battleaxe of Collusion (weapon) {freeze, rN+ Dex+3 Stlth+}
   (You bought it in a shop on level 9 of the Dungeon)

   It has been specially enchanted to freeze those struck by it, causing extra
   injury to most foes and up to half again as much damage against particularly
   susceptible opponents.
   It can also slow down cold-blooded creatures.
   It affects your dexterity (+3).
   It protects you from negative energy.
   It makes you more stealthy.
   It has a curse placed upon it.
Missiles
 H - 29 tomahawks (quivered)
Armour
 b - a cursed +2 pair of boots (worn)
 r - +1 shadow dragon scales (worn)
 y - a cursed +1 pair of gloves (worn)
 F - a cursed +0 cloak (worn)
 L - a +1 plate armour of poison resistance
Jewellery
 e - a +3 ring of evasion
 o - an uncursed ring of protection from fire
 v - an uncursed ring of protection from magic
 E - an uncursed ring of protection from cold
 G - a cursed ring of protection from magic (right hand)
 J - a cursed +4 amulet of reflection (around neck)
 Q - a ring of flight (left hand)
Wands
 d - a wand of slowing (32/48)
 l - a wand of confusion (28/48)
 t - a wand of teleportation (4/9)
 C - a wand of acid (8/15)
 D - a wand of confusion (12/48)
 K - a wand of disintegration (11/24)
 M - a wand of teleportation (6/9)
 P - a wand of flame (21/48)
 U - a wand of digging (12/24)
Scrolls
 p - 4 scrolls of blinking
 u - 7 scrolls of identify
 w - a scroll of recharging
 I - 3 scrolls of magic mapping
 N - a scroll of enchant armour
 S - 4 scrolls of remove curse
 V - a scroll of enchant weapon
 X - a scroll of summoning
 Z - 4 scrolls of teleportation
Potions
 g - 4 potions of flight
 h - 5 potions of berserk rage
 j - 8 potions of curing
 n - 3 potions of might
 s - 3 potions of haste
 x - a potion of agility
 z - 5 potions of ambrosia
 B - a potion of invisibility
Books
 q - a book of Fire

   Spells                             Type                      Level
   a - Ignite Poison                  Fire/Transmutation/Poison    3
   b - Fireball                       Conjuration/Fire             5
   c - Bolt of Fire                   Conjuration/Fire             6
   d - Delayed Fireball               Conjuration/Fire             7
   e - Ring of Flames                 Charms/Fire                  7
 Y - a book of Power

   Spells                             Type                      Level
   a - Fulminant Prism                Conjuration/Hexes            4
   b - Iskenderun's Mystic Blast      Conjuration                  4
   c - Venom Bolt                     Conjuration/Poison           5
   d - Bolt of Magma                  Conjuration/Fire/Earth       5
   e - Iron Shot                      Conjuration/Earth            6
   f - Orb of Destruction             Conjuration                  7
   g - Spellforged Servitor           Conjuration/Summoning        7
Comestibles
 f - 2 bread rations
 i - 7 meat rations
 k - 5 beef jerkies
 m - 16 fruits
 A - 2 royal jellies
 R - a slice of pizza


   Skills:
 - Level 21.2 Fighting
 + Level 19.5(23.6) Axes
 - Level 13.0(16.6) Armour
 - Level 11.0 Dodging
   Level 5.6 Shields
 - Level 13.6(15.8) Evocations


You had 17 spell levels left.
You didn't know any spells.

Dungeon Overview and Level Annotations

Branches:
Dungeon (11/15)            Temple (1/1) D:5            Lair (6/6) D:8
  Swamp (4/4) Lair:4       Spider (4/4) Lair:2          Orc (2/2) D:11
    Elf (2/3) Orc:2
  Slime: Lair:5-6

Altars:
Ashenzari
Cheibriados
Dithmenos
Elyvilon
Fedhas
Gozag
Hepliaklqana
Kikubaaqudgha
Makhleb
Nemelex Xobeh
Okawaru
Qazlal
Ru
Sif Muna
Trog
Uskayaw
Vehumet
Xom
Yredelemnul
Zin
The Shining One
Beogh

Shops:
D:6 !   D:9 (}(*   Orc:2 [[!=

Annotations:
Lair:2 exclusion: hydra
Lair:4 exclusion: hydra
Lair:5 exclusion: hydra
Lair:6 exclusion: 2 oklob plants
Swamp:3 Bai Suzhen, Nikola
Swamp:4 exclusion: bone dragon
Spider:4 Mara


Innate Abilities, Weirdness & Mutations

You reflexively headbutt those who attack you in melee.
You have a pair of horns on your head.


Message History

Nikola misses you.
You slice Nikola!! You freeze Nikola.
Nikola is lightly wounded.
You open Nikola like a pillowcase!!! You freeze Nikola!
Nikola is heavily wounded.
Nikola casts a spell.
You hear a mighty clap of thunder!
The lightning arc hits you!
The lightning arc hits the spiny frog.
The spiny frog dies!
The lightning arc hits you! x2
* * * LOW HITPOINT WARNING * * *
The lightning arc hits Nikola.
The lightning arc hits you!
* * * LOW HITPOINT WARNING * * *
You feel better.
Nikola gestures wildly while chanting.
You hear a mighty clap of thunder!
The lightning arc hits you!
* * * LOW HITPOINT WARNING * * *
The lightning arc hits Nikola.
The lightning arc hits you!
You die...

* , ,,
,≈....♣..≈...§.♣....♣♣♣♣ ,**
*,,,
.....≈≈..≈.....≈≈≈≈≈♣♣♣♣ * *
**,≈
≈..≈≈..≈.≈≈........♣♣♣♣♣ *
,, ≈......≈......(.≈≈.≈♣...
≈♣≈..§≈≈......#####♣♣♣..≈♣ *
,≈≈≈≈≈.♣..≈...#.#..♣♣♣.≈≈≈
*, *
,..≈..........##...♣♣≈^≈≈. *
,,,...≈..≈.......#...♣♣.....
≈ ≈.......@######..♣♣[≈≈≈..
*≈≈≈ ≈
,≈(......@######..♣♣.≈≈≈≈≈
,,≈
≈≈.≈...≈....#......♣♣♣.≈≈≈.
,,,≈
...≈≈.≈..##.....♣♣♣♣♣≈..≈ *
,**≈≈.≈....####..♣♣♣♣♣♣
♣♣♣♣♣ *
,*,***...≈..#.##...♣♣♣♣♣♣ *
,≈≈...≈≈......♣♣♣♣♣♣ , ,,
.....≈...♣..♣♣♣♣ * ≈
≈.≈.y≈...♣n..♣♣♣


You could see Nikola.

Vanquished Creatures
  Arachne (Spider:3)
  Asterion (Spider:4)
  A deep elf blademaster (Elf:2)
  The ghost of Quirk the Severer, an adept MiFi of Okawaru (Lair:6)
  Donald (Swamp:1)
  A deep elf sorcerer (Elf:2)
  Aizul (Spider:4)
  3 ghost moths (Spider:4)
  Louise (Spider:2)
  8 emperor scorpions
  Nessos (Lair:6)
  An entropy weaver (Spider:3)
  A deep elf demonologist (Elf:2)
  A deep elf annihilator (Elf:2)
  A spark wasp (Spider:2)
  Josephine (D:10)
  7 hydras
  Fannar (D:11)
  3 ghost crabs
  A merfolk avatar (Lair:6)
  7 alligators
  Erica (D:9)
  23 dancing weapons
  6 death yaks
  5 orc high priests (Orc:2)
  8 deep elf knights (Elf:2)
  3 sea snakes
  2 spriggan druids (Swamp:3)
  3 swamp dragons
  2 hill giants (D:10)
  11 deep elf archers (Elf:2)
  A phantasmal warrior (Swamp:4)
  18 orb spiders
  3 orc knights (Orc:2)
  30 deep elf magi
  An orc sorcerer (Elf:2)
  2 moths of wrath
  35 wolf spiders
  A cyclops (D:10)
  22 elephants
  An ugly thing (D:11)
  A torpor snail (Spider:2)
  Joseph (D:8)
  6 black mambas
  23 spiny frogs
  6 rime drakes
  10 komodo dragons
  3 swamp worm zombies (Swamp:4)
  15 demonic crawlers
  2 trolls
  23 jumping spiders
  13 hornets
  A two-headed ogre (D:9)
  6 polar bears
  6 tyrant leeches
  A blink frog (shapeshifter) (Elf:2)
  15 blink frogs
  10 bog bodies
  10 hippogriffs
  A spectral swamp dragon (Swamp:4)
  An alligator zombie (Swamp:4)
  4 slime creatures (Swamp:3)
  4 spriggans
  6 air elementals
  A vampire (D:11)
  76 redbacks
  30 tarantellas
  5 wraiths (D:10)
  2 basilisks
  A shadow (Swamp:1)
  31 yaks
  2 fire elementals
  7 wyverns
  23 vampire mosquitoes
  13 insubstantial wisps
  20 swamp worms
  A mottled dragon (D:11)
  2 wargs (Orc:1)
  13 water moccasins
  9 porcupines
  29 orc warriors
  4 ice beasts
  4 sky beasts
  2 swamp drakes
  2 eyes of draining
  A black bear (D:10)
  A necrophage (D:8)
  2 swamp dragon zombies (Swamp:4)
  5 phantoms
  9 ogres
  3 boggarts (D:11)
  9 centaurs
  14 wolves
  13 crocodiles
  2 big kobolds
  Blork the orc (D:6)
  A gnoll sergeant (D:11)
  15 bullfrogs
  2 earth elementals
  A water moccasin skeleton (D:4)
  9 killer bees
  12 wights (D:10)
  5 electric eels
  2 crimson imps
  3 centaur zombies (Ossuary)
  A bullfrog zombie (D:9)
  A human zombie (Ossuary)
  4 jellies
  18 orc priests
  7 hounds
  A gnoll shaman (D:8)
  13 orc wizards
  A bullfrog skeleton (D:5)
  Natasha (twice) (D:2)
  8 worker ants
  11 hell rats (Lair:5)
  A hound zombie (D:8)
  3 mummies (Ossuary)
  A howler monkey zombie (D:8)
  2 worker ant zombies
  Robin (D:3)
  9 gnolls
  12 adders
  14 river rats (Lair:5)
  A shadow imp (D:8)
  4 oozes
  An adder zombie (D:5)
  2 worms
  A dart slug (D:2)
  4 leopard geckos
  78 orcs
  6 giant cockroaches
  22 goblins
  13 hobgoblins
  11 jackals
  17 kobolds
  5 quokkas
  2 ball pythons
  13 bats
  4 frilled lizards
  3 kobold zombies (Ossuary)
  An orc zombie (Ossuary)
  A quokka skeleton (D:4)
  18 rats
  2 fungi
  6 plants (Lair:6)
1102 creatures vanquished.

Vanquished Creatures (collateral kills)
  An entropy weaver (Spider:2)
  A water moccasin (Lair:6)
  A crocodile (Lair:6)
3 creatures vanquished.

Vanquished Creatures (others)
  An orb spider (Spider:1)
  A manticore (Lair:6)
  A spiny frog (Swamp:3)
  A jumping spider (Spider:4)
  5 dream sheep (Lair:2)
  A boggart (D:11)
  4 centaurs (Lair:4)
  An orc (D:9)
  A bush (Lair:6)
  25 fungi
  15 plants
56 creatures vanquished.

Grand Total: 1161 creatures vanquished

Notes
Turn   | Place    | Note
-------+----------+-------------------------------------------
     0 | D:1      | esteth the Minotaur Fighter began the quest for the Orb.
     0 | D:1      | Reached XP level 1. HP: 19/19 MP: 0/0
    93 | D:1      | Reached skill level 4 in Fighting
   106 | D:1      | Reached XP level 2. HP: 25/27 MP: 1/1
   886 | D:1      | Reached XP level 3. HP: 33/33 MP: 2/2
   918 | D:2      | Noticed Natasha
   924 | D:2      | Killed Natasha
   976 | D:2      | Found a hide-covered altar of Uskayaw.
  1005 | D:2      | Reached XP level 4. HP: 40/40 MP: 3/3
  1073 | D:2      | Reached skill level 5 in Axes
  1155 | D:2      | Noticed Natasha
  1158 | D:2      | Killed Natasha
  1239 | D:2      | Reached XP level 5. HP: 46/46 MP: 4/4
  1876 | D:3      | Found a stormy altar of Qazlal.
  1945 | D:3      | Found a bloodstained altar of Trog.
  1967 | D:3      | Noticed Robin
  1989 | D:3      | Killed Robin
  2131 | D:3      | Reached XP level 6. HP: 47/52 MP: 5/5
  2558 | D:4      | You fall through a shaft for 2 floors!
  2643 | D:6      | Got a crude rapier
  2644 | D:6      | Identified the cursed +1 rapier of Intimidation {pierce, Stlth+} (You found it on level 6 of the Dungeon)
  2676 | D:5      | Entered Level 5 of the Dungeon
  2745 | D:5      | Reached XP level 7. HP: 59/59 MP: 6/6
  3172 | D:5      | Found a glowing silver altar of Zin.
  3386 | D:5      | Reached skill level 10 in Axes
  3636 | D:5      | Got an ancient ring mail
  3637 | D:5      | Identified the +4 ring mail "Anidgh" {rElec} (You found it on level 5 of the Dungeon)
  4013 | D:5      | Found a staircase to the Ecumenical Temple.
  4027 | D:5      | Reached XP level 8. HP: 37/66 MP: 7/7
  4125 | Temple   | Entered the Ecumenical Temple
  4293 | Temple   | Became a worshipper of Ashenzari the Shackled
  4397 | D:5      | Found a white marble altar of Elyvilon.
  4834 | D:6      | Found Baxu's Distillery.
  4843 | D:6      | Bought a potion of heal wounds for 60 gold pieces
  4843 | D:6      | Bought a potion of curing for 36 gold pieces
  4843 | D:6      | Bought a potion of curing for 36 gold pieces
  4843 | D:6      | Bought a potion of curing for 36 gold pieces
  4943 | D:6      | You fall through a shaft for 2 floors!
  4966 | D:8      | Found a sand-covered staircase.
  4971 | Ossuary  | Entered an ossuary
  5648 | D:7      | Found a flagged portal.
  5651 | D:7      | Reached XP level 9. HP: 65/70 MP: 8/8
  5704 | Bailey   | Entered a bailey
  5705 | Bailey   | Reached * piety under Ashenzari
  6464 | D:6      | Noticed Blork the orc
  6476 | D:6      | Killed Blork the orc
  7023 | D:7      | Found a blossoming altar of Fedhas.
  7340 | D:7      | Found a radiant altar of Vehumet.
  7388 | D:7      | Found an opulent altar of Gozag.
  7569 | D:8      | Found a staircase to the Lair.
  7647 | D:8      | Reached skill level 5 in Fighting
  7750 | D:8      | Reached skill level 5 in Armour
  7768 | D:8      | Reached skill level 5 in Shields
  7770 | D:8      | Noticed Joseph
  7791 | D:8      | Killed Joseph
  7791 | D:8      | Reached skill level 6 in Fighting
  8131 | D:8      | Reached XP level 10. HP: 67/84 MP: 9/9
  8298 | D:8      | Reached ** piety under Ashenzari
  8580 | Lair:1   | Entered Level 1 of the Lair of Beasts
  8580 | Lair:1   | Noticed a spiny frog
  8591 | Lair:1   | Killed a spiny frog
  8827 | Lair:1   | Reached skill level 7 in Fighting
  8932 | Lair:1   | Reached skill level 8 in Fighting
  9247 | Lair:1   | Reached skill level 9 in Fighting
  9960 | Lair:2   | Reached skill level 10 in Fighting
  9960 | Lair:2   | Reached XP level 11. HP: 99/99 MP: 10/10
  9986 | Lair:2   | Reached skill level 10 in Shields
 10112 | Lair:2   | Found a hole to the Spider Nest.
 10225 | Lair:2   | Found a shimmering altar of Xom.
 10239 | Lair:2   | Reached skill level 15 in Axes
 10496 | Lair:2   | Noticed a seven-headed hydra
 10513 | Lair:2   | Killed a seven-headed hydra
 10558 | Lair:2   | Reached skill level 1 in Evocations
 10617 | Lair:2   | Noticed a five-headed hydra
 11378 | Lair:3   | Reached *** piety under Ashenzari
 11792 | Lair:4   | Noticed a six-headed hydra
 12286 | Lair:4   | Found a shimmering altar of Xom.
 12295 | Lair:4   | Reached XP level 12. HP: 106/106 MP: 13/13
 12374 | Lair:4   | Found a staircase to the Swamp.
 12895 | Lair:5   | Noticed a seven-headed hydra
 12965 | Lair:5   | Reached skill level 5 in Evocations
 13277 | Lair:5   | Noticed a six-headed hydra
 13312 | Lair:5   | Noticed a death yak
 13351 | Lair:5   | Noticed a death yak
 13351 | Lair:5   | Noticed a death yak
 13351 | Lair:5   | Noticed a death yak
 13353 | Lair:5   | Noticed a death yak
 13355 | Lair:5   | Noticed a death yak
 13358 | Lair:6   | Entered Level 6 of the Lair of Beasts
 13365 | Lair:6   | Killed a death yak
 13621 | Lair:6   | Reached **** piety under Ashenzari
 13625 | Lair:6   | Noticed Quirk's ghost (adept MiFi)
 13655 | Lair:5   | Reached skill level 11 in Fighting
 13719 | Lair:5   | Killed a six-headed hydra
 13732 | Lair:5   | Reached skill level 12 in Fighting
 14042 | Lair:5   | Reached XP level 13. HP: 108/119 MP: 18/18
 14604 | Lair:5   | Reached skill level 13 in Fighting
 14933 | Lair:5   | Reached skill level 14 in Fighting
 15477 | Lair:6   | Noticed Nessos
 15492 | Lair:6   | Killed Nessos
 15674 | Lair:6   | Reached skill level 15 in Fighting
 15878 | Lair:6   | Reached ***** piety under Ashenzari
 15936 | Lair:6   | Reached skill level 16 in Fighting
 16832 | Lair:6   | Reached skill level 17 in Fighting
 16913 | Lair:6   | Killed Quirk's ghost
 16913 | Lair:6   | Reached XP level 14. HP: 125/140 MP: 19/19
 17112 | Lair:6   | Reached skill level 1 in Dodging
 17480 | D:9      | Found Cijit's Assorted Antiques.
 17489 | D:9      | Bought a forked gold wand for 104 gold pieces
 17527 | D:9      | Noticed Erica
 17578 | D:9      | Found a deep blue altar of Sif Muna.
 17589 | D:9      | Found a snail-covered altar of Cheibriados.
 17654 | D:9      | Found Pasourhoe's Gadget Emporium.
 17716 | D:9      | Found Xeixto Kaup's Antique Weapon Shop.
 17729 | D:9      | Bought an ancient battleaxe for 299 gold pieces
 17729 | D:9      | Identified the +8 battleaxe of Collusion {freeze, rN+ Dex+3 Stlth+} (You bought it in a shop on level 9 of the Dungeon)
 17801 | D:9      | Found Idghuc Minka's Antique Weapon Emporium.
 18061 | D:9      | Killed Erica
 18187 | D:10     | Entered Level 10 of the Dungeon
 18313 | D:10     | Reached skill level 5 in Dodging
 18593 | D:10     | Noticed Josephine
 18608 | D:10     | Killed Josephine
 18608 | D:10     | Reduced skill Shields to level 10
 19079 | D:11     | Found a staircase to the Orcish Mines.
 19343 | D:11     | Reached skill level 10 in Dodging
 19356 | D:11     | Noticed Fannar
 19366 | D:11     | Killed Fannar
 19761 | Orc:1    | Entered Level 1 of the Orcish Mines
 19955 | Orc:1    | Found a roughly hewn altar of Beogh.
 20312 | Orc:2    | Entered Level 2 of the Orcish Mines
 20459 | Orc:2    | Found a staircase to the Elven Halls.
 21209 | Orc:2    | Reduced skill Shields to level 5
 21453 | Orc:2    | Found Jolul's Distillery.
 21485 | Orc:2    | Reached skill level 10 in Armour
 21498 | Orc:2    | Found Zattium's Jewellery Shop.
 21499 | Orc:2    | Found Emeos's Armour Shop.
 21499 | Orc:2    | Found Impivuaz's Armour Boutique.
 21610 | Orc:2    | Bought an uncursed ring of flight for 210 gold pieces
 22047 | Swamp:1  | Entered Level 1 of the Swamp
 22080 | Swamp:1  | Noticed Donald
 22096 | Swamp:1  | Killed Donald
 22521 | Swamp:1  | Reached XP level 15. HP: 127/147 MP: 20/20
 24573 | Swamp:3  | Reached ****** piety under Ashenzari
 24683 | Swamp:3  | Noticed Nikola
 24735 | Swamp:3  | Reached skill level 10 in Evocations
 25200 | Swamp:4  | Entered Level 4 of the Swamp
 25632 | Swamp:4  | Noticed a bone dragon
 25729 | Swamp:3  | Noticed Bai Suzhen
 25935 | Spider:1 | Entered Level 1 of the Spider Nest
 27043 | Spider:1 | Reached XP level 16. HP: 78/155 MP: 24/24
 27477 | Spider:2 | Noticed Louise
 27484 | Spider:2 | Killed Louise
 27776 | Spider:2 | HP: 4/155 [entropy weaver (6)]
 29730 | Spider:3 | Noticed Arachne
 29747 | Spider:3 | Killed Arachne
 29747 | Spider:3 | Reached skill level 18 in Fighting
 30486 | Spider:4 | Entered Level 4 of the Spider Nest
 30495 | Spider:3 | Reached skill level 19 in Fighting
 30724 | Spider:4 | Noticed Mara
 30726 | Spider:4 | Noticed Aizul
 30746 | Spider:4 | Killed Aizul
 30924 | Spider:4 | Noticed Asterion
 31285 | Spider:4 | Killed Asterion
 31625 | Spider:4 | Reached skill level 20 in Fighting
 31666 | Spider:4 | Reached XP level 17. HP: 135/170 MP: 24/26
 31969 | Spider:4 | Got a gossamer rune of Zot
 32190 | Spider:1 | Reached skill level 21 in Fighting
 32432 | Elf:1    | Entered Level 1 of the Elven Halls
 32488 | Elf:1    | Found a deep blue altar of Sif Muna.
 34920 | Elf:2    | Found a huge runed gate.
 34920 | Elf:2    | Found a huge runed gate.
 34920 | Elf:2    | Found a huge runed gate.
 34920 | Elf:2    | Found a huge runed gate.
 34922 | Elf:2    | Found a huge runed gate.
 35872 | Elf:2    | Reached XP level 18. HP: 182/182 MP: 24/27
 36798 | Swamp:3  | Killed from afar by Nikola

Skill      XL: |  1  2  3  4  5  6  7  8  9 10 11 12 13 14 15 16 17 |
---------------+----------------------------------------------------+-----
Fighting       | 4 6 10 12 17 20 21 | 21.2
Axes           | 3 4 5 7 8 11 13 14 15 16 19 | 19.5
Armour         | 6 12 13 | 13.0
Shields        | 5 9 12 5 |  5.6
Evocations     | 3 8 12 13 | 13.6
Dodging        | 11 | 11.0

Action                   |  1- 3 |  4- 6 |  7- 9 | 10-12 | 13-15 | 16-18 || total
-------------------------+-------+-------+-------+-------+-------+-------++-------
Melee: War axe           |    52 |   167 |   392 |   460 |   370 |       ||  1441
       Headbutt          |     7 |    35 |    71 |    93 |   266 |   157 ||   629
       Battleaxe         |       |       |       |       |   778 |   709 ||  1487
Throw: Tomahawk          |       |       |    11 |     2 |     4 |       ||    17
Invok: Curse Item        |       |       |     5 |     1 |     2 |     1 ||     9
       Transfer Knowledg |       |       |       |       |     2 |       ||     2
       Scrying           |       |       |       |       |     5 |    11 ||    16
 Abil: Evoke Flight      |       |       |       |       |     3 |     1 ||     4
Evoke: Wand              |       |       |       |    38 |    56 |    18 ||   112
  Use: Scroll            |       |     7 |     6 |    15 |    16 |     8 ||    52
       Potion            |       |       |     2 |     4 |     7 |     7 ||    20
 Stab: Sleeping          |       |     5 |    11 |     5 |     7 |     1 ||    29
       Distracted        |       |       |     2 |     1 |     2 |       ||     5
       Invisible         |       |       |       |       |       |    19 ||    19
       Confused          |       |       |       |       |       |     2 ||     2
  Eat: Chunk             |       |     6 |    13 |    13 |    17 |     6 ||    55
       Bread ration      |       |       |     1 |     1 |     4 |     3 ||     9
       Fruit             |       |       |       |     1 |     2 |     2 ||     5
       Meat ration       |       |       |       |       |     1 |     2 ||     3
       Royal jelly       |       |       |       |       |     1 |       ||     1
       Beef jerky        |       |       |       |       |       |     2 ||     2
Armor: Scale mail        |    22 |     7 |       |       |       |       ||    29
       Shadow dragon sca |       |    76 |   141 |   181 |   191 |    46 ||   635
       Plate armour      |       |       |       |       |   212 |   291 ||   503
Dodge: Dodged            |    18 |    42 |    58 |   134 |   527 |   417 ||  1196
Block: Shield            |    27 |    83 |   122 |   377 |   264 |       ||   873
       Reflection        |       |       |       |    20 |     8 |     3 ||    31
       Other             |       |       |       |       |   104 |   101 ||   205
